 Dungeon Crawl Stone Soup version 0.27.0-1-g7a089689b8 (webtiles) character file.

Game seed: 12903882124302502244

66 horus123 the Shooter (level 3, -2/21 HPs)
             Began as a Deep Elf Hunter on Aug 16, 2021.
             Slain by Sigmund (10 damage)
             ... on level 2 of the Dungeon.
             The game lasted 00:03:10 (1041 turns).

horus123 the Shooter (Deep Elf Hunter)              Turns: 1041, Time: 00:03:11

Health: -2/21      AC: 14    Str:  9    XL:     3   Next: 96%
Magic:  5/5        EV:  0    Int: 15    God:
Gold:   49         SH:  0    Dex: 16    Spells: 2/2 levels left

rFire    + . .     SeeInvis .   a - +1 shortbow
rCold    . . .     Faith    .   (shield currently unavailable)
rNeg     . . .     Spirit   .   e - +4 plate armour {rF+}
rPois    .         Reflect  .   (no helmet)
rElec    .         Harm     .   (no cloak)
rCorr    .         Rampage  .   (no gloves)
Will     .....                  (no boots)
Stlth    ..........             h - amulet of magic regeneration
HPRegen  0.07/turn              (no ring)
MPRegen  0.34/turn              (no ring)

@: no status effects
A: no striking features
a: no special abilities


You were on level 2 of the Dungeon.
You visited 1 branch of the dungeon, and saw 2 of its levels.

You collected 49 gold pieces.

Inventory:

Hand Weapons
 a - a +1 shortbow (weapon)
 b - a +0 short sword
Missiles
 d - 34 arrows (quivered ammo)
Armour
 c - a +0 leather armour
 e - a +4 plate armour of fire resistance (worn)
Jewellery
 h - an amulet of magic regeneration (around neck)
Potions
 g - a potion of degeneration {unknown}


   Skills:
 * Level 1.8 Fighting
 * Level 6.9 Bows
 * Level 0.2 Armour
 + Level 2.5 Dodging
 * Level 1.9 Stealth


You had 2 spell levels left.
You didn't know any spells.
Your spell library contained the following spells:

 Spells                   Type           Power      Damage    Failure   Level
 Conjure Flame            Conj/Fire      0%         6-21      100%        3
 Ignite Poison            Fire/Tmut/Pois 0%         N/A       100%        3
 Sticky Flame             Conj/Fire      0%         2d3       100%        4


Dungeon Overview and Level Annotations

Branches:
Dungeon (2/15)

Altars:

Annotations:
D:2 Sigmund


Message History

An endoplasm comes into view.
The endoplasm quivers.
You shoot an arrow. The arrow hits the endoplasm!
You kill the endoplasm!
No target in view!
f - a scroll labelled PELUET DUEL You now have 49 gold pieces (gained 11).
Sigmund the Dreaded comes into view.
He is wielding a +0 scythe.
Sigmund shouts!
Sigmund is nearby!
As you read the scroll labelled PELUET DUEL, it crumbles to dust.
You hear a loud clanging noise!
It was a scroll of noise.
You hear an angry hiss.
You hear a shout! x3
You shoot an arrow. The arrow closely misses Sigmund.
Unknown command.
You shoot an arrow.
The arrow hits Sigmund but does no damage.
You shoot an arrow. The arrow closely misses Sigmund.
No target in view!
Sigmund points at you and mumbles some strange words.
You resist with some effort.
You shoot an arrow. The arrow hits Sigmund.
Sigmund is lightly wounded.
Sigmund hits you but does no damage.
You shoot an arrow. The arrow hits Sigmund.
Sigmund is lightly wounded.
Sigmund hits you from afar with a +0 scythe!
You shoot an arrow. The arrow hits Sigmund.
Sigmund is moderately wounded.
Sigmund hits you from afar with a +0 scythe.
You are too injured to fight recklessly!
You are too injured to fight recklessly!
You are too injured to fight recklessly!
Fire: 35 arrows
Press: ? - help, Q - select action Shift-Dir - straight line, f/p - Sigmund
Aim: Sigmund, wielding a +0 scythe and wearing a +0 robe (moderately wounded, 58% to hit)
You shoot an arrow. The arrow barely misses Sigmund.
Sigmund hits you from afar with a +0 scythe!
You die...

.###. ..#... ###......
........# .......#
#.....# ##...###
###@....(##.
#....@..((..
#.##.#.(#### #
...#.##.#..# #.
........#..# .
...........#####
...#...........##
########.####...#######
...........#.....


You could see Sigmund.

Vanquished Creatures
  Jessica (D:2)
  3 dart slugs (D:1)
  A ball python (D:1)
  6 endoplasms
  3 goblins (D:1)
  A hobgoblin (D:1)
  7 jackals
  A kobold (D:1)
  A quokka (D:1)
  2 bats
  2 frilled lizards (D:1)
  A rat (D:1)
29 creatures vanquished.

Notes
Turn   | Place    | Note
-------+----------+-------------------------------------------
     0 | D:1      | horus123 the Deep Elf Hunter began the quest for the Orb.
     0 | D:1      | Reached XP level 1. HP: 12/12 MP: 3/3
   274 | D:1      | Reached XP level 2. HP: 16/16 MP: 4/4
   292 | D:1      | Reached skill level 6 in Bows
   468 | D:1      | Identified a scroll of acquirement
   468 | D:1      | Acquired a +2 plate armour of fire resistance
   810 | D:1      | Reached XP level 3. HP: 18/20 MP: 5/5
   880 | D:2      | Noticed Jessica
   881 | D:2      | Killed Jessica
  1031 | D:2      | Noticed Sigmund
  1041 | D:2      | Slain by Sigmund

Illustrated notes

Levels and vault maps discovered:
D:1:      shiori_arrival_elements, layout_basic
D:2:      layout_loops_cross, basic_altar, kennysheep_donut,
          nrook_mini_backslash, kennysheep_generic_room_13, uniq_terence,
          uniq_jessica, uniq_sigmund

Skill      XL: |  1  2 |
---------------+-------+-----
Bows           | 6 |  6.9
Fighting       | |  1.8
Armour         | |  0.2
Dodging        | |  2.5
Stealth        | |  1.9

Action                   || total
-------------------------++-------
 Fire: Shortbow          ||    79
  Use: Scroll            ||     5
Armor: Leather armour    ||     2
       Plate armour      ||    49
Dodge: Dodged            ||     1
